 Dungeon Crawl Stone Soup version 0.32-a0-931-g5a2cda0630 (webtiles) character file.

Game seed: 14953683464673100577

139 runemasterragnar the Shooter (level 5, -3/40 HPs)
             Began as a Coglin Hunter on Apr 14, 2024.
             Incinerated by a bombardier beetle (6 damage)
             ... with a burning spray
             ... on level 4 of the Dungeon.
             The game lasted 00:01:43 (2569 turns).

runemasterragnar the Shooter (Coglin Hunter)        Turns: 2569, Time: 00:01:44

Health: -3/40      AC:  2    Str: 12    XL:     5   Next: 22%
Magic:  5/5        EV: 12    Int:  8    God:
Gold:   289        SH:  0    Dex: 19    Spells: 4/4 levels left

rFire   . . .        a - +2 sling {Ara}
rCold   . . .        d - +0 sling {Marzena}
rNeg    . . .        o - +0 robe of Pan-Flutes {Harm Slay+4}
rPois   .            (no helmet)
rElec   .            (no cloak)
rCorr   .            (no gloves)
SInv    .            (no boots)
Will    .....        (amulet unavailable)
Stlth   +            (ring unavailable)
HPRegen 0.26/turn    (ring unavailable)
MPRegen 0.09/turn    (no gizmo)

%: harm (+30% outgoing, +20% incoming)
@: on fire, hasted, glowing, revved, very quick
A: off-hand wielding, slow wielding, warmup strikes, no jewellery
a: Invent Gizmo


You were on level 4 of the Dungeon.
You visited 1 branch of the dungeon, and saw 4 of its levels.

You collected 289 gold pieces.

Inventory:

Hand Weapons
 a - a +2 sling (weapon) {Ara}
 d - a +0 sling (offhand) {Marzena}
Armour
 c - a +0 leather armour
 k - a scarf of harm
 o - the +0 robe of Pan-Flutes (worn) {Harm Slay+4}
   (You found it on level 2 of the Dungeon)

   Slay+4:    It affects your accuracy & damage with ranged weapons and melee
   (+4).
   Harm:      It increases damage dealt and taken.
Scrolls
 b - a scroll of butterflies
 f - 2 scrolls of immolation {unknown}
 h - a scroll of brand weapon {unknown}
 i - a scroll of enchant armour {unknown}
 j - a scroll of fog {unknown}
 m - a scroll of teleportation {unknown}
 q - a scroll of identify
 r - a scroll of poison {unknown}
Potions
 e - 3 potions of lignification
 g - a potion of haste
 l - a potion of curing {unknown}
 n - a potion of mutation {unknown}
 p - a potion of heal wounds {unknown}


   Skills:
 + Level 2.9 Fighting
 * Level 4.6 Ranged Weapons
 + Level 2.5 Dodging
 + Level 2.0 Stealth


You had 4 spell levels left.
You didn't know any spells.
Your spell library was empty.

Dungeon Overview and Level Annotations

Branches:
Dungeon (4/15)
 Temple: D:4-7

Altars:
Hepliaklqana

Shops:
D:2 *


Innate Abilities, Weirdness & Mutations

You can wield a second weapon in your off-hand.
It takes a long time for you to wield or remove held weapons.
Your first few attacks do less damage.
You cannot equip rings or amulets.


Message History

You have reached level 5!
You are too injured to fight recklessly!
You are too injured to fight recklessly!
Unknown command.
You are too injured to fight recklessly!
You are too injured to fight recklessly!
Fire: a) +2 sling {Ara}
Press: ? - help, Q - select action Shift-Dir - straight line, f - orc
Aim: an orc, wielding a +0 flail (68% to hit)
You shoot a sling bullet. The sling bullet hits the orc!
You kill the orc!
You shoot a sling bullet. The liquid fire burns you!
A kobold comes into view. It is wielding a +0 short sword.
Fire: a) +2 sling {Ara}
Press: ? - help, Q - select action Shift-Dir - straight line, f - orc wizard
Aim: an orc wizard, wielding a +0 dagger and wearing a +0 robe (62% to hit)
You shoot a sling bullet. The sling bullet hits the orc wizard.
The orc wizard is moderately wounded.
You shoot a sling bullet. The sling bullet hits the orc wizard.
The orc wizard is severely wounded.
The liquid fire burns you!
Unknown command.
Fire: a) +2 sling {Ara}
Press: ? - help, Q - select action Shift-Dir - straight line, f/p - orc wizard
Aim: an orc wizard, wielding a +0 dagger and wearing a +0 robe (severely wounded, 62% to hit)
You shoot a sling bullet. The sling bullet hits the orc.
The orc is moderately wounded.
You shoot a sling bullet. The sling bullet hits the orc.
The orc is heavily wounded.
The liquid fire burns you!
* * * LOW HITPOINT WARNING * * *
The orc closely misses you.
You shake off some of the fire as you move.
The liquid fire burns you!
* * * LOW HITPOINT WARNING * * *
Unknown command.
It was a potion of haste.
You feel yourself speed up. The liquid fire burns you!
You die...

## #.
..#.
.#)#
K).##
...#
).#
#o#
#o#
#@#
#.#
#.#
#.#
#.#
#.###
#[..#
###.#
#.#


You could see an orc wizard and an orc.

Vanquished Creatures
  A bombardier beetle (D:4)
  A gnoll (D:4)
  An adder (D:2)
  2 dart slugs
  2 ribbon worms
  4 orcs
  8 bats
  2 endoplasms
  4 giant cockroaches
  4 hobgoblins
  8 jackals (D:1)
  8 kobolds
  4 quokkas
  3 ball pythons
  3 frilled lizards
  7 goblins
  10 rats (D:1)
72 creatures vanquished.

Notes
Turn   | Place    | Note
-------+----------+-------------------------------------------
     0 | D:1      | runemasterragnar the Coglin Hunter began the quest for the
                  | Orb.
     0 | D:1      | Reached XP level 1. HP: 16/16 MP: 1/1
    71 | D:1      | Reached skill level 1 in Stealth
    75 | D:1      | Reached XP level 2. HP: 14/22 MP: 2/2
   230 | D:1      | Reached XP level 3. HP: 27/27 MP: 3/3
   231 | D:1      | Reached skill level 4 in Ranged Weapons
  1000 | D:2      | Identified the +0 robe of Pan-Flutes {Harm Slay+4}
  1102 | D:2      | Found Toschon's Assorted Antiques.
  1280 | D:2      | Reached XP level 4. HP: 34/34 MP: 4/4
  2331 | D:3      | Found a hazy altar of Hepliaklqana.
  2565 | D:4      | Reached XP level 5. HP: 21/40 MP: 5/5
  2568 | D:4      | HP: 2/40 [burnt (7)]
  2569 | D:4      | Incinerated by a bombardier beetle

Illustrated notes

Levels and vault maps discovered:
D:1:      dpeg_arrival_court, layout_basic, minmay_crystal_room,
          minmay_rat_gold_closets
D:2:      layout_basic, serial_shops, shop_statue,
          chequers_serial_rivers_room_a, patterned_corridor
D:3:      layout_basic, amcnicky_altar_gilded, minmay_diced_spiral
D:4:      corexii_shantytown, layout_loops_ring, minmay_bent

Skill      XL: |  1  2  3  4 |
---------------+-------------+-----
Stealth        | 1 2 |  2.0
Dodging        | 2 |  2.5
Ranged Weapons | 4 |  4.6
Fighting       | |  2.9

Action                     |  1- 3 |  4- 6 || total
---------------------------+-------+-------++-------
   Fire: Sling             |   196 |    72 ||   268
    Use: Scroll            |     2 |       ||     2
         Potion            |       |     1 ||     1
 Armour: Leather armour    |    22 |       ||    22
         Robe              |       |     1 ||     1
  Dodge: Dodged            |    37 |     4 ||    41

Table legend: (Time is in decaauts)
 A = Elapsed time spent in this place.
 B = Non-inter-level travel time spent in this place.
 C = Inter-level travel time spent in this place.
 D = Time resting spent in this place.
 E = Time spent auto-exploring this place.
 F = Levels seen in this place.
 G = Mean time per level.
                   A        B        C        D        E       F      G
               +--------+--------+--------+--------+--------+-----+--------+
         Total |   2599 |   2433 |    166 |      5 |   2138 |   4 |  649.8 |
       Dungeon |   2599 |   2433 |    166 |      5 |   2138 |   4 |  649.8 |
               +--------+--------+--------+--------+--------+-----+--------+

Top non-repeatable levels by time:
     D:2: 1023 daAuts
     D:1: 1014 daAuts
     D:3: 532 daAuts
     D:4: 29 daAuts
